 Dungeon Crawl Stone Soup version 0.19.1-1-g22dce08 (webtiles) character file.

826 M4edhros the Spear-Bearer (level 7, -8/44 (47) HPs)
             Began as an Octopode Chaos Knight on Dec 31, 2016.
             Killed from afar by a death drake (shapeshifter) (9 damage)
             ... with a foul vapour
             ... on level 6 of the Dungeon.
             The game lasted 00:06:39 (11148 turns).

M4edhros the Spear-Bearer (Octopode Chaos Knight)  Turns: 11148, Time: 00:06:39

HP:   -8/44 (47)    AC:  8    Str: 13    XL:     7   Next: 96%
MP:   0/7           EV: 13    Int: 18    God:    Xom [*.....]
Gold: 323           SH:  3    Dex: 16    Spells: 0 memorised, 6 levels left

rFire  . . .     SeeInvis +     a - +0 spear (chaos)
rCold  + . .     Gourm    .     e - +0 buckler
rNeg   . . .     Faith    .     b - +2 hat {Spirit}
rPois  +         Spirit   +     (no amulet)
rElec  .         Reflect  .     (no ring)
rCorr  .         Harm     .     (no ring)
MR     .....     Clarity  +     (no ring)
Stlth  ++........               (no ring)
                                (no ring)
                                (no ring)
                                (no ring)
                                (no ring)

@: lethally poisoned (-8 -> -47), non-regenerating, diseased, slowed, very slow
A: almost no armour, stealthy swim, amphibious, 8 rings, constrict 8, icy blue
scales 1, rugged brown scales 1, yellow scales 1, camouflage 1, see invisible,
agile 1, blink, clarity, clever 2, cold resistance 1, poison resistance, strong
1, gelatinous body 1, evolution 1
a: Blink, Renounce Religion


You were on level 6 of the Dungeon.
You worshipped Xom.
You were a special plaything of Xom.
You were hungry.

You visited 2 branches of the dungeon, and saw 7 of its levels.
You also visited: Sewer.

You collected 323 gold pieces.

Inventory:

Hand Weapons
 a - a +0 spear of chaos (weapon)
 h - a +0 flail of protection
 o - a +0 hunting sling
 q - a +0 whip
Missiles
 l - 63 bolts
 m - 181 stones (quivered)
Armour
 b - a +2 hat of spirit shield (worn)
 e - a +0 buckler (worn)
Jewellery
 j - an uncursed ring of flight {unknown}
Wands
 x - a wand of digging (11/24)
Scrolls
 c - a scroll of magic mapping {unknown}
 d - 2 scrolls of immolation {unknown}
 f - 2 scrolls of noise {unknown}
 g - 3 scrolls of teleportation {unknown}
 i - 3 scrolls of identify {unknown}
 n - 2 scrolls of recharging {unknown}
 p - a scroll of fear {unknown}
 r - a scroll of remove curse {unknown}
 u - a scroll of enchant weapon {unknown}
Potions
 v - a potion of curing
 w - 2 potions of flight
 B - a potion of might {unknown}
Comestibles
 k - a beef jerky
 s - 3 fruits
 t - a bread ration
 z - a meat ration
 A - a royal jelly


   Skills:
 - Level 3.0 Fighting
 + Level 9.2 Polearms
 - Level 2.3 Dodging


You had 6 spell levels left.
You didn't know any spells.

Dungeon Overview and Level Annotations

Branches:
Dungeon (6/15)             Temple (1/1) D:4

Altars:
Ashenzari
Cheibriados
Dithmenos
Elyvilon
Gozag
Kikubaaqudgha
Makhleb
Nemelex Xobeh
Okawaru
Qazlal
Sif Muna
Trog
Uskayaw
Vehumet
Xom
Yredelemnul
Zin
The Shining One

Shops:
D:5 [

Annotations:
D:4 Edmund
D:5 efeel's ghost, novice HOFE


Innate Abilities, Weirdness & Mutations

You cannot wear most types of armour.
You are very stealthy in the water. (Stealth+)
You are amphibious.
You can wear up to eight rings at the same time.
You can use your tentacles to constrict eight enemies at once.
Your skin changes colour to match your surroundings (Stealth+).
Your rubbery body absorbs attacks. (AC +1, EV +1)
You are partially covered in icy blue scales. (AC +2)
You are partially covered in rugged brown scales. (AC +1, +3% HP)
You are partially covered in yellow scales. (AC +2)
You have supernaturally acute eyesight. (SInv)
You are agile. (Dex +2)
You can translocate small distances at will.
You possess an exceptional clarity of mind.
Your mind is very acute. (Int +4)
Your flesh is cold resistant. (rC+)
Your system is resistant to poisons. (rPois)
Your muscles are strong. (Str +2)
You evolve.


Message History

Evoke which item? (* to show all) (? for menu, Esc to quit)
Okay, then.
You feel better.
You are engulfed in dark miasma.
You are lethally poisoned!
You feel your flesh rotting away!
You feel yourself slow down.
* * * LOW HITPOINT WARNING * * *
x2 You feel sick.
The death drake closely misses you.
Really walk into that cloud of foul pestilence?
You are engulfed in dark miasma.
You feel your flesh rotting away!
You feel ill.
* * * LOW HITPOINT WARNING * * *
x2 You feel sick.
The death drake breathes miasma at you. The foul vapour engulfs you!
You are more poisoned.
You feel your flesh rotting away!
You feel as though you will be slow longer.
You die...
Xom roars with laughter!

#.#.#.#≈#+#≈#.#.#.#.#.#.
##.#.#..'_+..#.#.#.#.#.#
#.#.#.#≈#+#≈#.#.#.#.#.#.
##.#.#.§§.≈≈.#.#.#.#.#.#
#.#.#.#.#.#.#.#.#.#.#.#.
##.#.#§#.#.#.#.#.#.#.#.#
#.#.#.#§#§#.#.#.#.#.#.#. #
###.#.#§#k#.#.#.#.#.#.#.# ..
..#.#.#@#§#.#.#.#.#.#.#.
...####.#.#.#.#§#.#.#.#.#.#.#
.......#.#.#.#.#.#.#.#.#.#.#.
......#.#.#.#.#.#.#.#.#.#.#.#
.......#.#.#.#.#.#.#.#.#.#.#.
#########.#.#.#.#.#.#.#
.#.#÷#
.........#.#.#.#.#.#.#.#
#.#.#.
#########.#.#.#.#.#.#.#.
.#.#.# #.#.#.#.#.#.#.#.
#.#.#.


You could see a death drake shaped shifter.

Vanquished Creatures
  A sky beast (D:5)
  An ogre (D:5)
  A centaur (D:5)
  A big kobold (Sewer)
  A bullfrog (D:6)
  A scorpion (D:5)
  A howler monkey (D:6)
  A crimson imp (D:6)
  A bullfrog zombie (D:4)
  A jelly (D:6)
  An orc wizard (D:4)
  2 iguanas
  3 gnolls (D:3)
  6 adders
  An ooze (D:2)
  3 worms
  A dart slug (D:3)
  4 leopard geckos
  11 orcs
  3 giant cockroaches
  8 goblins
  3 hobgoblins
  4 jackals
  A quokka (D:5)
  A ball python (D:3)
  3 bats (D:1)
  8 frilled lizards
  8 kobolds
  8 rats
89 creatures vanquished.

Vanquished Creatures (collateral kills)
  A kobold (Sewer)
1 creature vanquished.

Grand Total: 90 creatures vanquished

Notes
Turn   | Place    | Note
-------+----------+-------------------------------------------
     0 | D:1      | M4edhros the Octopode Chaos Knight began the quest for the Orb.
     0 | D:1      | Reached XP level 1. HP: 16/16 MP: 1/1
   137 | D:1      | Reached XP level 2. HP: 19/21 MP: 2/2
   333 | D:1      | XOM: silly message
   455 | D:1      | XOM: god gift: 22 bolts
   601 | D:2      | Reached skill level 4 in Polearms
   800 | D:2      | Reached XP level 3. HP: 24/26 MP: 3/3
   943 | D:2      | Found a basalt altar of Yredelemnul.
   947 | D:2      | Found a shattered altar of Ashenzari.
  1230 | D:3      | Found an iron altar of Okawaru.
  1240 | D:3      | Reached XP level 4. HP: 20/31 MP: 4/4
  1240 | D:3      | XOM: cloud trail
  1335 | D:3      | Found a bloodstained altar of Trog.
  1335 | D:3      | Found a glowing silver altar of Zin.
  1460 | D:3      | Reached skill level 5 in Polearms
  1463 | D:3      | XOM: god gift: whip {god gift}
  1569 | D:3      | Gained mutation: You have supernaturally acute eyesight. (SInv) [potion of mutation]
  1569 | D:3      | Gained mutation: Your mind is acute. (Int +2) [potion of mutation]
  1569 | D:3      | Gained mutation: You are partially covered in rugged brown scales. (AC +1, +3% HP) [potion of mutation]
  1583 | D:3      | XOM: noise
  1778 | D:4      | Reached XP level 5. HP: 21/37 MP: 5/5
  1926 | D:4      | XOM: god gift: 20 gold pieces
  1928 | D:4      | Found a staircase to the Ecumenical Temple.
  2070 | Temple   | Entered the Ecumenical Temple
  2071 | Temple   | XOM: 1-stop teleportation journey
  2319 | Temple   | XOM: give mutations
  2319 | Temple   | Gained mutation: Your mind is very acute. (Int +4) [Xom's grace]
  2319 | Temple   | Gained mutation: You can translocate small distances at will. [Xom's grace]
  3248 | Temple   | XOM: god gift: scroll labeled FENGONO LISO {god gift}
  3727 | Temple   | XOM: divination: magic mapping
  5576 | Temple   | XOM: harmless Conj miscast
  5709 | Temple   | XOM: torment (20/37 hp)
  5810 | Temple   | XOM: medium Divn miscast
  6000 | Temple   | XOM: draining
  6427 | Temple   | XOM: 3-stop teleportation journey
  6858 | Temple   | XOM: give mutations
  6858 | Temple   | Gained mutation: You are somewhat resistant to further mutation. [Xom's grace]
  6858 | Temple   | Gained mutation: You possess an exceptional clarity of mind. [Xom's grace]
  7433 | Temple   | XOM: silly message
  7587 | Temple   | XOM: harmless Air miscast
  8011 | Temple   | XOM: scenery: create altars
  8118 | Temple   | XOM: give mutations
  8118 | Temple   | Gained mutation: Your muscles are strong. (Str +2) [Xom's grace]
  8118 | Temple   | Gained mutation: You are partially covered in yellow scales. (AC +2) [Xom's grace]
  8118 | Temple   | Gained mutation: You are partially covered in icy blue scales. (AC +2) [Xom's grace]
  8174 | Temple   | XOM: 9-stop teleportation journey
  8344 | Temple   | XOM is BORED!
  8751 | Temple   | XOM: 3-stop teleportation journey
  8833 | Temple   | XOM: 9-stop teleportation journey
  8936 | Temple   | XOM: give mutation
  8936 | Temple   | Gained mutation: You are agile. (Dex +2) [Xom's grace]
  8942 | Temple   | XOM: god gift: runed hat {god gift}
  9153 | Temple   | XOM: give mutations
  9153 | Temple   | Lost mutation: You are somewhat resistant to further mutation. [Xom's grace]
  9153 | Temple   | Gained mutation: You evolve. [Xom's grace]
  9153 | Temple   | Gained mutation: Your flesh is cold resistant. (rC+) [Xom's grace]
  9153 | Temple   | Gained mutation: Your system is resistant to poisons. (rPois) [Xom's grace]
  9236 | Temple   | XOM: 6-stop teleportation journey
  9274 | D:4      | Noticed Edmund
  9289 | D:4      | XOM: mild Summ miscast
  9331 | D:4      | XOM: confuse monster(s)
  9339 | D:4      | XOM: cast spell 'Confusing Touch'
  9365 | D:3      | Reached skill level 6 in Polearms
  9526 | D:3      | Reached XP level 6. HP: 40/43 MP: 6/6
  9705 | D:4      | Found a sparkling altar of Nemelex Xobeh.
  9705 | D:4      | Found a deep blue altar of Sif Muna.
  9707 | D:4      | Found an opulent altar of Gozag.
  9721 | D:5      | Entered Level 5 of the Dungeon
  9735 | D:5      | Reached skill level 7 in Polearms
  9736 | D:5      | XOM: cast spell 'Spider Form'
  9802 | D:5      | Noticed a phantom
  9980 | D:5      | Noticed a sky beast
  9992 | D:5      | Killed a sky beast
  9992 | D:5      | Reached XP level 7. HP: 32/47 MP: 4/7
 10016 | D:5      | Found Betuxal's Armour Shoppe.
 10073 | D:5      | Reached skill level 8 in Polearms
 10098 | D:5      | Found a glowing drain.
 10107 | Sewer    | Entered a sewer
 10241 | Sewer    | Found a white marble altar of Elyvilon.
 10294 | D:5      | Noticed efeel's ghost (novice HOFE)
 10307 | D:5      | XOM: potion effect (haste)
 10318 | D:5      | XOM: polymorph hound -> hell rat
 10320 | D:5      | XOM: god gift: scroll labeled KIP MUOXZU {god gift}
 10730 | D:6      | Reached skill level 9 in Polearms
 10907 | D:6      | XOM: summons 3 hostile demons
 11120 | D:6      | Found a snail-covered altar of Cheibriados.
 11130 | D:6      | Noticed a yaktaur
 11130 | D:6      | a black bear changed into a yaktaur
 11142 | D:6      | Noticed a death drake
 11142 | D:6      | a yaktaur changed into a death drake
 11148 | D:6      | HP: 2/45 [something (shapeshifter)] (5)]
 11148 | D:6      | Killed from afar by a death drake (shapeshifter)

Skill      XL: |  1  2  3  4  5  6  7 |
---------------+----------------------+-----
Polearms       | 4 5 6 7 9 |  9.2
Fighting       | |  3.0
Dodging        | |  2.3

Action                   |  1- 3 |  4- 6 |  7- 9 || total
-------------------------+-------+-------+-------++-------
Melee: Spear             |    77 |   112 |    84 ||   273
       Constrict         |    14 |    21 |    16 ||    51
       Tentacles         |     8 |    23 |    18 ||    49
       Unarmed           |       |     3 |       ||     3
 Abil: Blink             |       |     4 |       ||     4
  Use: Potion            |       |     3 |     3 ||     6
 Stab: Distracted        |     1 |     2 |     1 ||     4
       Sleeping          |     9 |     6 |     5 ||    20
       Paralysed         |       |     6 |       ||     6
  Eat: Chunk             |       |     6 |     7 ||    13
       Fruit             |       |     8 |       ||     8
       Bread ration      |       |     2 |       ||     2
       Meat ration       |       |     1 |       ||     1
       Pizza             |       |     1 |       ||     1
Armor: Skin              |     3 |    11 |    18 ||    32
Dodge: Dodged            |    23 |    40 |    31 ||    94
Block: Buckler           |     3 |     8 |     5 ||    16
